 Dungeon Crawl Stone Soup version 0.28.0-43-g3370ac3207 (webtiles) character file.

Game seed: 14729003785945671633

77 Ablot the Grasshopper (level 4, -3/38 HPs)
             Began as a Gnoll Warper on Mar 11, 2022.
             Slain by an orc
             ... wielding a +0 hand axe
              (7 damage)
             ... on level 3 of the Dungeon.
             The game lasted 00:02:34 (2014 turns).

Ablot the Grasshopper (Gnoll Warper)                Turns: 2014, Time: 00:02:34

Health: -3/38      AC:  3    Str: 12    XL:     4   Next: 33%
Magic:  9/11       EV: 13    Int: 12    God:
Gold:   75         SH:  0    Dex: 12    Spells: 11/13 levels left

rFire   . . .      SeeInvis .   a - +0 trident
rCold   . . .      Faith    .   (no shield)
rNeg    . . .      Spirit   .   b - +0 leather armour
rPois   .          Reflect  .   (no helmet)
rElec   .          Harm     .   n - scarf {shadows}
rCorr   .          Rampage  .   (no gloves)
Will    .....                   (no boots)
Stlth   +.........              (no amulet)
HPRegen 0.12/turn               (no ring)
MPRegen 0.12/turn               (no ring)

@: on blink cooldown
A: fangs 1, strong nose, distributed training
a: no special abilities


You were on level 3 of the Dungeon.
You visited 1 branch of the dungeon, and saw 3 of its levels.

You collected 75 gold pieces.

Inventory:

Hand Weapons
 a - a +0 trident (weapon)
 o - a +0 hunting sling
Missiles
 d - 5 boomerangs of dispersal
 h - 26 sling bullets
 i - 27 stones (quivered)
 k - 22 bolts
 u - 2 silver boomerangs
Armour
 b - a +0 leather armour (worn)
 n - a scarf of shadows (worn)
Magical Staves
 s - a staff of death
Wands
 t - a wand of iceblast (11)
Scrolls
 c - 2 scrolls of blinking
 e - 2 scrolls of vulnerability {unknown}
 f - 3 scrolls of identify {unknown}
 q - a scroll of enchant armour {unknown}
Potions
 g - a potion of resistance {unknown}
 j - a potion of heal wounds {unknown}
 l - a potion of ambrosia {unknown}
 m - a potion of lignification {unknown}
 p - a potion of curing {unknown}
 r - 2 potions of mutation {unknown}


   Skills:
 + Level 4.6 Fighting
 + Level 1.1 Short Blades
 + Level 1.1 Long Blades
 + Level 1.1 Axes
 + Level 1.1 Maces & Flails
 + Level 4.6 Polearms
 + Level 1.1 Staves
 + Level 1.1 Slings
 + Level 1.1 Bows
 + Level 1.1 Crossbows
 + Level 2.7 Throwing
 + Level 2.7 Armour
 + Level 4.6 Dodging
 + Level 1.1 Stealth
 + Level 1.1 Shields
 + Level 1.1 Unarmed Combat
 + Level 5.0 Spellcasting
 + Level 0.8 Conjurations
 + Level 0.8 Hexes
 + Level 0.8 Summonings
 + Level 0.8 Necromancy
 + Level 5.4 Translocations
 + Level 0.8 Transmutations
 + Level 0.8 Fire Magic
 + Level 0.8 Ice Magic
 + Level 0.8 Air Magic
 + Level 0.8 Earth Magic
 + Level 0.8 Poison Magic
 + Level 1.2 Invocations
 + Level 1.1 Evocations


You had 11 spell levels left.
You knew the following spells:

 Your Spells              Type           Power      Damage    Failure   Level
a - Blink                 Tloc           32%        N/A       4%          2

Your spell library contained the following spells:

 Spells                   Type           Power      Damage    Failure   Level
 Gell's Gravitas          Tloc           16%        N/A       8%          3
 Lesser Beckoning         Tloc           16%        N/A       8%          3
 Teleport Other           Tloc           16%        N/A       8%          3
 Manifold Assault         Tloc           16%        N/A       58%         5


Dungeon Overview and Level Annotations

Branches:
Dungeon (3/15)

Altars:
Dithmenos

Annotations:
D:2 Terence


Innate Abilities, Weirdness & Mutations

You have very sharp teeth.
Your uncanny sense of smell can sniff out nearby items.
Your experience applies equally to all skills.


Message History

The orc wizard hits you with a +0 dagger.
You hit the orc wizard.
The orc wizard is heavily wounded.
The orc closely misses you. The orc wizard casts a spell at you.
You resist with some effort.
You closely miss the orc wizard.
The orc wizard is heavily wounded.
The orc hits you but does no damage.
The orc wizard hits you but does no damage.
You barely miss the orc wizard.
The orc wizard is heavily wounded.
The orc closely misses you. x2
The orc wizard gestures wildly while chanting.
The orc wizard flickers and vanishes!
Deactivating autopickup; reactivate with Ctrl-A.
You closely miss something. The orc hits you with a +0 whip.
The orc barely misses you. Something hits you.
You miss something. The orc hits you with a +0 whip. The orc barely misses you.
Something hits you.
You miss something. The orc hits you with a +0 whip.
The orc hits you but does no damage. Something hits you.
You miss something. The orc barely misses you. The orc misses you.
Something hits you but does no damage. The orc completely misses you.
You closely miss something. The orc hits you with a +0 hand axe.
Something barely misses you. The orc completely misses you.
You closely miss something. You bite something.
The orc hits you with a +0 hand axe.
You hear some strange, mumbled words.
A magic dart appears from out of thin air!
The magic dart hits you.
* * * LOW HITPOINT WARNING * * *
The orc closely misses you. The orc hits you with a +0 hand axe.
* * * LOW HITPOINT WARNING * * *
Casting: Blink (safe; 4% risk of failure)
Confirm with . or Enter, or press ? or * to list all spells.
You blink.
The orc closely misses you. The orc hits you with a +0 hand axe!
You die...

.. ........... #........
..##....... .. #........
.....#....# ##. ##........
.#...>....###...#....<....
.?..............#§#.......
.........## ##.§§#..§...
#§K..# ###.#§#§#§....
#.)oo###.§§§§§§§§####
..##..#@#...#§#§#§###
..........>...#§§§#.
####..##.......#§# §
#.###...........
######.####..........
...........#..........
...........#..########
#..........#..##
#...##.#####...##


You could see 2 orcs and a kobold.

Vanquished Creatures
  3 adders
  A worm (D:3)
  2 dart slugs
  An orc (D:3)
  4 bats
  3 endoplasms
  2 giant cockroaches
  5 goblins
  3 hobgoblins (D:2)
  3 jackals (D:1)
  2 quokkas (D:1)
  4 ball pythons (D:1)
  2 frilled lizards (D:1)
  3 kobolds
  3 rats (D:2)
41 creatures vanquished.

Notes
Turn   | Place    | Note
-------+----------+-------------------------------------------
     0 | D:1      | Ablot the Gnoll Warper began the quest for the Orb.
     0 | D:1      | Reached XP level 1. HP: 20/20 MP: 6/6
   209 | D:1      | Reached XP level 2. HP: 26/26 MP: 7/7
   212 | D:1      | Learned a level 2 spell: Blink
   314 | D:1      | Found a faded altar of an unknown god.
   760 | D:2      | Reached XP level 3. HP: 31/31 MP: 9/9
   778 | D:2      | Reached skill level 5 in Spellcasting
   827 | D:2      | Reached skill level 1 in Invocations
   833 | D:2      | Reached skill level 1 in Short Blades
   833 | D:2      | Reached skill level 1 in Long Blades
   833 | D:2      | Reached skill level 1 in Axes
   833 | D:2      | Reached skill level 1 in Maces & Flails
   833 | D:2      | Reached skill level 1 in Staves
   833 | D:2      | Reached skill level 1 in Slings
   833 | D:2      | Reached skill level 1 in Bows
   833 | D:2      | Reached skill level 1 in Crossbows
   833 | D:2      | Reached skill level 1 in Stealth
   833 | D:2      | Reached skill level 1 in Shields
   833 | D:2      | Reached skill level 1 in Unarmed Combat
   833 | D:2      | Reached skill level 1 in Evocations
  1027 | D:2      | Noticed Terence
  1109 | D:3      | Reached XP level 4. HP: 6/38 MP: 11/11
  1421 | D:3      | Found a shadowy altar of Dithmenos.
  2014 | D:3      | Slain by an orc

Illustrated notes

Levels and vault maps discovered:
D:1:      psy_arrival_basics, layout_basic,
          shapermc_ecumenical_altar_totnotflames
D:2:      layout_basic, uniq_terence
D:3:      layout_rooms, grunt_dithmenos_smoke_and_mirrors

Skill      XL: |  1  2  3 |
---------------+----------+-----
Spellcasting   | 5 |  5.0
Invocations    | 1 |  1.2
Short Blades   | 1 |  1.1
Long Blades    | 1 |  1.1
Axes           | 1 |  1.1
Maces & Flails | 1 |  1.1
Staves         | 1 |  1.1
Slings         | 1 |  1.1
Bows           | 1 |  1.1
Crossbows      | 1 |  1.1
Stealth        | 1 |  1.1
Shields        | 1 |  1.1
Unarmed Combat | 1 |  1.1
Evocations     | 1 |  1.1
Fighting       | |  4.6
Polearms       | |  4.6
Throwing       | |  2.7
Armour         | |  2.7
Dodging        | |  4.6
Conjurations   | |  0.8
Hexes          | |  0.8
Summonings     | |  0.8
Necromancy     | |  0.8
Translocations | |  5.4
Transmutations | |  0.8
Fire Magic     | |  0.8
Ice Magic      | |  0.8
Air Magic      | |  0.8
Earth Magic    | |  0.8
Poison Magic   | |  0.8

Action                   |  1- 3 |  4- 6 || total
-------------------------+-------+-------++-------
Melee: Spear             |   112 |    14 ||   126
       Bite              |     9 |     5 ||    14
       Trident           |       |    33 ||    33
       Punch             |       |     1 ||     1
 Cast: Blink             |     1 |     2 ||     3
Evoke: Wand              |       |     1 ||     1
 Stab: Sleeping          |     1 |       ||     1
Armor: Leather armour    |    24 |     7 ||    31
Dodge: Dodged            |    57 |    30 ||    87
